 Dungeon Crawl Stone Soup version 0.30-a0-121-gb27577e5d9 (webtiles) character file.

Game seed: 7588764183821729127

179 Newt the Ducker (level 5, 0/36 HPs)
             Began as an Octopode Transmuter on Sept 13, 2022.
             Slain by a gnoll
             ... wielding a +0 spear
             ... led by a gnoll bouda
              (7 damage)
             ... on level 4 of the Dungeon on Sept 14, 2022.
             The game lasted 00:05:42 (4197 turns).

Newt the Ducker (Octopode Transmuter)               Turns: 4197, Time: 00:05:42

Health: 0/36       AC:  1    Str: 11    XL:     5   Next: 59%
Magic:  8/8        EV: 12    Int: 16    God:
Gold:   1278       SH:  9    Dex: 12    Spells: 5/8 levels left

rFire   . . .      SeeInvis .      - Unarmed
rCold   . . .      Faith    .    n - +1 kite shield
rNeg    . . .      Spirit   .    (helmet restricted)
rPois   .          Reflect  .    (no amulet)
rElec   .          Harm     .    (no ring)
rCorr   .          Rampage  .    (no ring)
Will    .....                    (no ring)
Stlth   ++........               (no ring)
HPRegen 0.12/turn                (no ring)
MPRegen 0.11/turn                (no ring)
                                 (no ring)
                                 (no ring)

@: about to teleport
A: almost no armour, amphibious, 8 rings, camouflage 1, gelatinous body 1,
(nimble swimmer 1), tentacles
a: no special abilities


You were on level 4 of the Dungeon.
You visited 1 branch of the dungeon, and saw 4 of its levels.

You collected 1278 gold pieces.

Inventory:

Hand Weapons
 g - a +1 vampiric dagger
Missiles
 o - 2 throwing nets
Armour
 f - a +0 buckler
 n - a +1 kite shield (worn)
Scrolls
 b - 3 scrolls of teleportation
 e - a scroll of torment
 i - a scroll of identify
 j - a scroll of magic mapping
 m - a scroll of enchant weapon
Potions
 a - 2 potions of lignification
 c - a potion of magic {unknown}
 d - a potion of brilliance {unknown}
 h - a potion of cancellation
 k - a potion of berserk rage {unknown}
 l - 2 potions of curing {unknown}


   Skills:
 - Level 3.0 Fighting
 - Level 4.0 Dodging
 + Level 2.3 Shields
 - Level 3.0 Unarmed Combat
 - Level 2.0 Spellcasting
 - Level 2.0 Transmutations


You had 5 spell levels left.
You knew the following spells:

 Your Spells              Type           Power      Damage    Failure   Level
a - Beastly Appendage     Tmut           16%        N/A       28%         1
b - Wereblood             Tmut           8%         N/A       41%         2

Your spell library contained the following spells:

 Spells                   Type           Power      Damage    Failure   Level
 Sting                    Tmut/Pois      16%        1d3       41%         1
 Cigotuvi's Dreadful Rot  Necr/Pois/Air  2%         N/A       69%         2
 Poisonous Vapours        Pois/Air       2%         N/A       69%         2
 Spider Form              Tmut/Pois      4%         N/A       78%         3
 Ice Form                 Ice/Tmut       4%         N/A       99%         4
 Olgreb's Toxic Radiance  Pois           1%         N/A       100%        4


Dungeon Overview and Level Annotations

Branches:
Dungeon (4/15)
 Temple: D:4-7

Altars:
Dithmenos

Shops:
D:3 ?


Innate Abilities, Weirdness & Mutations

You cannot wear most types of armour.
You are amphibious.
You can wear up to eight rings at the same time.
Your skin changes colour to match your surroundings (Stealth+).
Your rubbery body absorbs attacks. (AC +1, EV +1)
((You are camouflaged when in or above water. (Stealth+)))
You have tentacles for arms and can constrict up to eight enemies at once.


Message History

A gnoll is nearby!
A gnoll bouda and a gnoll come into view.
Found 4 stones.
A gnoll comes into view. It is wielding a +0 whip.
The gnoll bouda barks out a call to the hunt!
The gnolls pick up the pace!
A gnoll comes into view. It is wielding a +0 whip.
You closely miss the gnoll bouda.
The gnoll shouts!
Your grab misses the gnoll bouda. You tentacle-slap the gnoll bouda.
You grab the gnoll bouda.
The gnoll bouda is lightly wounded.
You constrict the gnoll bouda. You block the gnoll's attack.
The gnoll bouda hits you with a +0 club.
You barely miss the gnoll bouda.
The gnoll bouda is lightly wounded.
You constrict the gnoll bouda. You block the gnoll's attack.
The gnoll misses you. x2; The gnoll bouda misses you.
You tentacle-slap the gnoll bouda.
The gnoll bouda is moderately wounded.
You constrict the gnoll bouda. The gnoll closely misses you.
The gnoll misses you. You block the gnoll's attack.
The gnoll bouda escapes!
The gnoll misses you.
The gnoll hits you from afar with a +0 spear!
You closely miss the gnoll bouda. You grab the gnoll bouda.
You squeeze the gnoll bouda!
The gnoll bouda is almost dead.
You constrict the gnoll bouda, but do no damage.
The gnoll hits you with a +0 whip! The gnoll hits you with a +0 whip.
* * * LOW HITPOINT WARNING * * *
The gnoll bouda utters an invocation to its god.
The gnoll bouda is healed somewhat.
The gnoll hits you with a +0 whip.
* * * LOW HITPOINT WARNING * * *
The gnoll misses you.
As you read the scroll of teleportation, it crumbles to dust.
You feel strangely unstable.
You constrict the gnoll bouda, but do no damage.
You block the gnoll's attack. x2; The gnoll bouda closely misses you.
The gnoll hits you from afar with a +0 spear!
You die...

,,*,,,,*,,,,,,,,,,,,,**,,,,,,,,,,
,**,,#.....,,,,,,...,,,**,,,,,,,,
,,*,.#.....***,*,..#,,,**,,,,,,,,
,,>,,...#..* ****..#*,,,,,,,*,*,,
.....*#....* ###..#***,,,,*****,
.....*##.#.* #....#*##.,,,,*,***
.....##....## #...##....,,,,,,,,*
........##..###.ggg.(...**,,,,,**
........#.......@g......,,,,,,,,,
........###.....g#......,,*,,,,~~
....)...###......#,.....,,***,~~~
........##.......##......)***,~~_
###...........##....,.....#.*.โ‰ˆ~,
*##.........).#..##.,,......#.~~,
*#...............##,#........,~~,
#.................###.......,,โ‰ˆ.,
................รท..#.......#,.โ‰ˆ.8


You could see a gnoll bouda and 4 gnolls.

Vanquished Creatures
  2 iguanas
  4 adders
  A river rat (D:3)
  3 worms
  4 orcs
  3 ball pythons
  5 endoplasms
  7 giant cockroaches
  3 goblins
  6 hobgoblins
  7 jackals
  9 kobolds
  2 quokkas (D:3)
  8 bats
  2 frilled lizards
  2 rats
68 creatures vanquished.

Vanquished Creatures (others)
  15 plants (D:3)
15 creatures vanquished.

Grand Total: 83 creatures vanquished

Notes
Turn   | Place    | Note
-------+----------+-------------------------------------------
     0 | D:1      | Newt the Octopode Transmuter began the quest for the Orb.
     0 | D:1      | Reached XP level 1. HP: 13/13 MP: 3/3
   602 | D:1      | Reached XP level 2. HP: 18/18 MP: 5/5
   735 | D:1      | Reached skill level 3 in Dodging
  1070 | D:1      | Reached XP level 3. HP: 15/23 MP: 6/6
  1280 | D:2      | Learned a level 2 spell: Wereblood
  1280 | D:2      | Upgraded the game from 0.30-a0-118-ga018f8e90f to
                  | 0.30-a0-121-gb27577e5d9
  1940 | D:2      | Found a faded altar of an unknown god.
  2208 | D:3      | Identified a scroll of acquirement
  2208 | D:3      | Acquired 1121 gold pieces
  2360 | D:3      | Reached skill level 4 in Dodging
  2474 | D:3      | Reached XP level 4. HP: 23/28 MP: 7/7
  2748 | D:3      | Identified the +1 ring mail of the Echidna {*Corrode rElec
                  | rPois Str+4 Stlth+}
  2749 | D:3      | Found Taufunt's Magic Scroll Shoppe.
  2956 | D:3      | Reached XP level 5. HP: 27/36 MP: 8/8
  2966 | D:3      | Reached skill level 1 in Shields
  3682 | D:3      | Found a shadowy altar of Dithmenos.
  4197 | D:4      | Slain by a gnoll

Illustrated notes

Levels and vault maps discovered:
D:1:      tarquinn_simple_flora_water_e, layout_loops_ring, serial_aquarium,
          aquarium_bridge_long_joined [aquarium_subvault_wall,
          aquarium_subvault_bridge, aquarium_subvault_wall,
          aquarium_subvault_wall, aquarium_subvault_bridge,
          aquarium_subvault_balcony], aquarium_bridge_square
          [aquarium_subvault_window, aquarium_subvault_bridge,
          aquarium_subvault_bridge, aquarium_subvault_wall], aquarium_window_3,
          aquarium_window_2, aquarium_window_fake, aquarium_view_2b,
          aquarium_view_2f
D:2:      layout_rooms, shapermc_ecumenical_altar_petra,
          guppyfry_early_lair_pool
D:3:      layout_loops_corners, grunt_dithmenos_smoke, gup_sewer_entry_spiral,
          serial_shops, shop, serial_bayou_lagoon_b
D:4:      layout_cave_pools, mainiacjoe_overflow_catwalk

Skill      XL: |  1  2  3  4  5 |
---------------+----------------+-----
Dodging        | 3 4 |  4.0
Fighting       | 3 |  3.0
Shields        | 2 |  2.3
Unarmed Combat | |  3.0
Spellcasting   | |  2.0
Transmutations | |  2.0

Action                   |  1- 3 |  4- 6 || total
-------------------------+-------+-------++-------
Melee: Unarmed           |    54 |    89 ||   143
       Constrict         |    18 |    27 ||    45
       Tentacles         |    17 |    22 ||    39
       Punch             |     5 |     2 ||     7
       Dagger            |    25 |       ||    25
       Kick              |     7 |     7 ||    14
 Cast: Beastly Appendage |     3 |     3 ||     6
       Wereblood         |     1 |       ||     1
  Use: Scroll            |     8 |     3 ||    11
 Stab: Sleeping          |     7 |     6 ||    13
Armor: Skin              |     7 |     3 ||    10
Dodge: Dodged            |    55 |    62 ||   117
Block: Kite shield       |     1 |    37 ||    38
       Buckler           |     1 |       ||     1

Table legend: (Time is in decaauts)
 A = Elapsed time spent in this place.
 B = Non-inter-level travel time spent in this place.
 C = Inter-level travel time spent in this place.
 D = Time resting spent in this place.
 E = Time spent auto-exploring this place.
 F = Levels seen in this place.
 G = Mean time per level.
                   A        B        C        D        E       F      G
               +--------+--------+--------+--------+--------+-----+--------+
         Total |   4206 |   3987 |    219 |     91 |   3256 |   4 | 1051.5 |
       Dungeon |   4206 |   3987 |    219 |     91 |   3256 |   4 | 1051.5 |
               +--------+--------+--------+--------+--------+-----+--------+

Top non-repeatable levels by time:
     D:3: 1719 daAuts
     D:1: 1272 daAuts
     D:2: 924 daAuts
     D:4: 290 daAuts
